 Dungeon Crawl Stone Soup version 0.31-a0-851-g7ff8af7976 (webtiles) character file.

Game seed: 14124277363012850730

518 BritishOli the Trooper (level 7, -5/55 HPs)
             Began as a Demonspawn Fighter on Oct 6, 2023.
             Slain by a gnoll bouda
             ... wielding a +0 whip
              (9 damage)
             ... on level 5 of the Dungeon.
             The game lasted 00:02:48 (3019 turns).

BritishOli the Trooper (Demonspawn Fighter)         Turns: 3019, Time: 00:02:49

Health: -5/55      AC: 12    Str: 18    XL:     7   Next: 1%
Magic:  7/7        EV:  9    Int:  9    God:
Gold:   231        SH:  0    Dex: 13    Spells: 6/6 levels left

rFire   . . .        x - +0 battleaxe
rCold   . . .        (shield currently unavailable)
rNeg    . . .        w - +4 scale mail of an ossuary {+Blink rCorr}
rPois   +            (no helmet)
rElec   .            (no cloak)
rCorr   +            (no gloves)
SInv    .            p - +0 pair of boots
Will    .....        (no amulet) Stlth
                     s - ring of poison resistance
HPRegen 0.29/turn    (no ring)
MPRegen 0.10/turn

%: no passive effects
@: no status effects
A: demonic magic 1, weakness stinger 2, demonic touch 1
a: Evoke Blink


You were on level 5 of the Dungeon.
You visited 1 branch of the dungeon, and saw 5 of its levels.

You collected 231 gold pieces.

Inventory:

Hand Weapons
 a - a +0 war axe
 x - a +0 battleaxe (weapon)
Armour
 c - a +0 buckler
 p - a +0 pair of boots (worn)
 w - the +4 scale mail of an ossuary (worn) {+Blink rCorr}
   (You found it on level 3 of the Dungeon)

   +Blink:    It lets you blink.
   rCorr:     It protects you from acid and corrosion.
Jewellery
 s - a ring of poison resistance (left hand)
Wands
 q - a wand of flame (23)
 u - a wand of digging (3)
 v - a wand of paralysis (8)
Scrolls
 e - 2 scrolls of poison {unknown}
 f - a scroll of blinking {unknown}
 g - a scroll of summoning {unknown}
 i - a scroll of brand weapon {unknown}
 k - 2 scrolls of immolation {unknown}
 l - 2 scrolls of teleportation {unknown}
 n - a scroll of vulnerability {unknown}
 o - 6 scrolls of identify {unknown}
 r - a scroll of torment {unknown}
Potions
 b - a potion of brilliance {unknown}
 d - 2 potions of might
 h - a potion of attraction {unknown}
 j - 3 potions of haste {unknown}
 m - 2 potions of degeneration {unknown}
 t - 3 potions of curing {unknown}


   Skills:
 + Level 4.9 Fighting
 + Level 3.8 Axes
 + Level 4.4 Armour
 - Level 3.8 Shields


You had 6 spell levels left.
You didn't know any spells.
Your spell library was empty.

Dungeon Overview and Level Annotations

Branches:
Dungeon (5/15)
 Temple: D:4-7

Altars:


Innate Abilities, Weirdness & Mutations

Spells you cast may paralyse adjacent enemies.
You have a tail ending in a sharp stinger.
Your touch may inflict minor irresistible damage on your foes.


Message History

The gnoll bouda closely misses you. The gnoll hits you but does no damage.
The gnoll completely misses you.
The gnoll bouda gazes fiercely through you!
You feel as though you will be weak longer.
The gnoll bouda hits you with a +0 whip.
* * * LOW HITPOINT WARNING * * *
The gnoll is no longer moving quickly.
The gnoll misses you. The gnoll barely misses you.
The gnoll bouda closely misses you. The gnoll barely misses you.
A howler monkey comes into view.
The gnoll completely misses you. The gnoll bouda barely misses you.
The howler monkey howls!
The gnoll hits you but does no damage. x2
The gnoll bouda calls upon its god to heal the gnoll.
The gnoll's wounds heal themselves!
The howler monkey hoots and howls with incredible vigour!
The gnoll misses you. The gnoll barely misses you.
The gnoll bouda barks out a call to the hunt!
The gnolls pick up the pace!
You hear a shout! x2
The gnoll hits you with a +0 flail.
* * * LOW HITPOINT WARNING * * *
The gnoll closely misses you. The gnoll bouda completely misses you.
The gnoll hits you but does no damage. x2
The gnoll bouda hits you but does no damage.
Your attacks no longer feel as feeble.
The gnoll barely misses you.
The howler monkey hoots and howls with incredible vigour!
The gnoll closely misses you.
The gnoll bouda calls upon its god to heal the gnoll.
The gnoll is healed somewhat.
You hear a croak.
You hear an angry hiss.
You hear a bark!
The gnoll hits you with a +0 flail.
* * * LOW HITPOINT WARNING * * *
The gnoll hits you but does no damage.
The gnoll bouda calls upon its god to heal the gnoll.
The gnoll's wounds heal themselves!
The gnoll barely misses you. x2
The gnoll bouda hits you with a +0 whip!
You die...

#.. ..#.# .. .
....# .# .## #.#.#
.###.. #.#.# .....
#.#<## ...#
#..<.######...#
#.........)g..#
#........h@g..#
#.#.#.#####g......
#.#.#.#####.......
#............##.##
##.#####.#.#######.
# .........#..####
.# ##.#######.⌠...#
# #.........
#.⌠...⌠.###


You could see a gnoll bouda, a howler monkey and 2 gnolls.

Vanquished Creatures
  A water moccasin (D:5)
  An ice beast (D:3)
  2 hounds (D:4)
  An orc priest (D:4)
  A sleepcap (D:4)
  2 iguanas
  An orc wizard (D:4)
  2 gnolls (D:5)
  4 adders
  2 worms
  2 dart slugs
  3 orcs (D:4)
  8 bats
  6 endoplasms
  3 giant cockroaches
  4 goblins
  6 hobgoblins
  4 jackals (D:3)
  3 kobolds
  9 ball pythons
  6 frilled lizards
  8 rats
79 creatures vanquished.

Notes
Turn   | Place    | Note
-------+----------+-------------------------------------------
     0 | D:1      | BritishOli the Demonspawn Fighter began the quest for the
                  | Orb.
     0 | D:1      | Reached XP level 1. HP: 18/18 MP: 1/1
   164 | D:1      | Discovered your monstrous ancestry.
   164 | D:1      | Gained mutation: You have a small tail. [demonic ancestry]
   164 | D:1      | Reached XP level 2. HP: 24/24 MP: 2/2
   941 | D:2      | Gained mutation: You have a tail ending in a sharp stinger.
                  | [demonic ancestry]
   941 | D:2      | Reached XP level 3. HP: 29/29 MP: 3/3
  1166 | D:3      | Noticed an ice beast
  1174 | D:3      | Killed an ice beast
  1175 | D:3      | Reached XP level 4. HP: 37/37 MP: 4/4
  1571 | D:3      | Reached XP level 5. HP: 42/42 MP: 5/5
  1973 | D:3      | Identified the +4 scale mail of an ossuary {+Blink rCorr}
  2185 | D:4      | Gained mutation: Your touch may inflict minor irresistible
                  | damage on your foes. [demonic ancestry]
  2185 | D:4      | Reached XP level 6. HP: 37/48 MP: 6/6
  2907 | D:5      | Entered Level 5 of the Dungeon
  2907 | D:5      | Noticed a water moccasin
  2920 | D:5      | Killed a water moccasin
  3004 | D:5      | Gained mutation: Spells you cast may paralyse adjacent
                  | enemies. [demonic ancestry]
  3004 | D:5      | Reached XP level 7. HP: 33/55 MP: 7/7
  3019 | D:5      | Slain by a gnoll bouda

Illustrated notes

Levels and vault maps discovered:
D:1:      wander_arrival_chamber, layout_basic, st_stairs_10
D:2:      layout_rooms
D:3:      minmay_octagon_keep, layout_basic
D:4:      layout_basic, grunt_decor_fettered
D:5:      layout_loops_ring, serial_shops, shop, nicolae_book_shop_shelving,
          shop, shop, nicolae_shop_just_a_little_nook, grunt_ministairs_2

Skill      XL: |  1  2  3  4  5  6 |
---------------+-------------------+-----
Axes           | 2 3 |  3.8
Armour         | 3 4 |  4.4
Shields        | 3 |  3.8
Fighting       | 4 |  4.9

Action                     |  1- 3 |  4- 6 |  7- 9 || total
---------------------------+-------+-------+-------++-------
  Melee: War axe           |    93 |   145 |       ||   238
         Tailslap          |    12 |    22 |     1 ||    35
         Battleaxe         |       |     4 |     2 ||     6
 Armour: Scale mail        |    60 |   136 |    23 ||   219
  Dodge: Dodged            |    47 |    89 |    24 ||   160
  Block: Buckler           |    23 |    37 |       ||    60

Table legend: (Time is in decaauts)
 A = Elapsed time spent in this place.
 B = Non-inter-level travel time spent in this place.
 C = Inter-level travel time spent in this place.
 D = Time resting spent in this place.
 E = Time spent auto-exploring this place.
 F = Levels seen in this place.
 G = Mean time per level.
                   A        B        C        D        E       F      G
               +--------+--------+--------+--------+--------+-----+--------+
         Total |   3117 |   2979 |    138 |     46 |   2311 |   5 |  623.4 |
       Dungeon |   3117 |   2979 |    138 |     46 |   2311 |   5 |  623.4 |
               +--------+--------+--------+--------+--------+-----+--------+

Top non-repeatable levels by time:
     D:3: 936 daAuts
     D:4: 887 daAuts
     D:1: 712 daAuts
     D:2: 463 daAuts
     D:5: 118 daAuts
